 Dungeon Crawl Stone Soup version 0.30-a0-374-g95c0257040 (webtiles) character file.

Game seed: 10653240136125052839

7 qeuew the Trooper (level 1, -1/18 HPs)
             Began as a Demonspawn Monk on Nov 26, 2022.
             Slain by a quokka (5 damage)
             ... on level 1 of the Dungeon.
             The game lasted 00:00:17 (153 turns).

qeuew the Trooper (Demonspawn Monk)                  Turns: 153, Time: 00:00:17

Health: -1/18      AC:  2    Str: 11    XL:     1   Next: 83%
Magic:  1/1        EV: 13    Int: 11    God:
Gold:   23         SH:  0    Dex: 15    Spells: 0/0 levels left

rFire   . . .      SeeInvis .    a - +0 hand axe
rCold   . . .      Faith    .    (no shield)
rNeg    . . .      Spirit   .    b - +0 robe
rPois   .          Reflect  .    (no helmet)
rElec   .          Harm     .    (no cloak)
rCorr   .          Rampage  .    (no gloves)
Will    .....                    (no boots)
Stlth   ++........               (no amulet)
HPRegen 0.23/turn                (no ring)
MPRegen 0.07/turn                (no ring)

@: no status effects
A: no striking features
a: no special abilities


You were on level 1 of the Dungeon.
You visited 1 branch of the dungeon, and saw 1 of its levels.

You collected 23 gold pieces.

Inventory:

Hand Weapons
 a - a +0 hand axe (weapon)
Armour
 b - a +0 robe (worn)
Potions
 c - a potion of ambrosia


   Skills:
 * Level 3.2 Fighting
 + Level 2.8 Axes
 + Level 0.3 Armour
 + Level 2.8 Dodging
 - Level 1.7 Stealth


You couldn't memorise any spells.
You didn't know any spells.
Your spell library was empty.

Dungeon Overview and Level Annotations

Branches:
Dungeon (1/15)

Altars:


Message History

A ball python comes into view.
Found a robe and 2 gold pieces.
The ball python hisses angrily.
A frilled lizard comes into view.
Found a ring mail.
The quokka barely misses you.
You barely miss the quokka. The quokka misses you. The quokka bites you.
The frilled lizard hisses angrily.
You hit the ball python.
You kill the ball python!
You hit the quokka. The quokka bites you.
You barely miss the quokka.
The quokka is almost dead.
The quokka misses you. The quokka closely misses you. x2
You barely miss the quokka.
The quokka is almost dead.
You hit the quokka but do no damage.
The quokka bites you but does no damage. x2
You hit the quokka.
You kill the quokka!
You closely miss the quokka. You hit the frilled lizard.
You kill the frilled lizard!
The quokka bites you.
You hit the quokka but do no damage. The quokka bites you. x2
You are too injured to fight recklessly!
You are too injured to fight recklessly!
A quokka is nearby!
A quokka is nearby!
Unknown command.
You closely miss the quokka. The quokka bites you.
* * * LOW HITPOINT WARNING * * *
You closely miss the quokka. The quokka bites you.
* * * LOW HITPOINT WARNING * * *
The quokka bites you but does no damage.
You hit the quokka.
The quokka is heavily wounded.
The quokka barely misses you.
You closely miss the quokka.
The quokka is heavily wounded.
The quokka bites you.
You die...

#.. ...#.##### .#
..#######...... . .##
.............. #.## ..
..#..###..... ...##.
#.##.........
###..#.#####.##..##.....
#..............>########
......†#r###.####
.......@......#
........####..###
......... ##...######
.........# #.#......#
.........# #.######.#
....[..#.# #.## #.###
[...... .. #..## #....
.....$. #. ##..# #....
#.#####.# #....


You could see a quokka.

Vanquished Creatures
  A hobgoblin (D:1)
  A quokka (D:1)
  2 ball pythons (D:1)
  2 frilled lizards (D:1)
  2 rats (D:1)
8 creatures vanquished.

Notes
Turn   | Place    | Note
-------+----------+-------------------------------------------
     0 | D:1      | qeuew the Demonspawn Monk began the quest for the Orb.
     0 | D:1      | Reached XP level 1. HP: 18/18 MP: 1/1
   153 | D:1      | Slain by a quokka

Illustrated notes

Levels and vault maps discovered:
D:1:      ebering_hopf_link, layout_rooms, minmay_misc_feat_doors

Action                   || total
-------------------------++-------
Melee: Hand axe          ||    29
Armor: Robe              ||     4
Dodge: Dodged            ||    22

Table legend: (Time is in decaauts)
 A = Elapsed time spent in this place.
 B = Non-inter-level travel time spent in this place.
 C = Inter-level travel time spent in this place.
 D = Time resting spent in this place.
 E = Time spent auto-exploring this place.
 F = Levels seen in this place.
 G = Mean time per level.
                   A        B        C        D        E       F      G
               +--------+--------+--------+--------+--------+-----+--------+
         Total |    157 |    157 |      0 |      0 |    107 |   1 |  157.0 |
       Dungeon |    157 |    157 |      0 |      0 |    107 |   1 |  157.0 |
               +--------+--------+--------+--------+--------+-----+--------+

Top non-repeatable levels by time:
     D:1: 157 daAuts
